AoeStats
← hi_joel

Four Lakes

510247007Analyzed
1v1 RM · 2d ago on Sep 30, 2026· 23m 22s· 2 players
Game mode
Random Map
Map size
Tiny (2 player)
Population
200
Speed
Normal
Resources
Standard
Victory
Conquest
Starting age
Dark Age
Ending age
Imperial Age
RankedLock teamsTeams togetherTeam positionsShared explorationLock speedFull tech treeHidden civsTurbo modeCheats
Victory
Defeat
🇦🇷 Sicilians · Argentina
1156
+15
🇬🇹 Tatars · Guatemala
1139
-15
hi_joel
6:36 Loom
9:44 Feudal Age
13:11 Town Watch
23:11 Castle Age
21:34 Fletching
21:46 Horse Collar
22:13 Double-Bit Axe
escaflownej
6:35 Loom
9:24 Feudal Age
19:10 Castle Age
19:39 Scale Mail Armor
22:21 Chain Mail Armor
Connection lost

Rejoining the realm…

Still unreachable

The connection could not be restored.

Session expired

The server has moved on; the page needs a fresh start.